Cogmind - Beta 13 X1 @@@ ROGUE MODE // 2023.09.16 @ 11:26:37 Player: f3-rnm Result: Self-destructed Performance ------------- Evolutions (5) 2500 Regions Visited (10) 2000 Robots Destroyed (91) 455 Value Destroyed (2388) 2388 Prototype IDs (29) 580 Alien Tech Used (0) 0 Bonus (310) 310 TOTAL SCORE: 8233 Bonus ------- High Alert Combat Kills 48 Follower Combat Kills 151 Aligned with FarCom 300 Friendly Fire -189 Cogmind --------- Core Integrity 522/1000 Matter 103/300 Energy 33/100 System Corruption 1% Temperature Cool (1) Movement Core (150) Ox2 Location -5/Factory Parts ------- > --- POWER (2) -------- (None) > --- PROPULSION (6) --- (None) > --- UTILITY (7) ------ Small Storage Unit Machine Analyzer Advanced Visual Processing Unit Improved Utility Shielding Hacking Suite Hacking Suite > --- WEAPON (2) ------- (None) > --- INVENTORY (8) ---- Improved Sensor Array Advanced ECM Suite Mini Grenade Launcher Powered Hammer Deploy-a-Sentry Deploy-a-Sentry Peak State ------------ > --- POWER ------------ Light Nuclear Core > --- PROPULSION ------- Improved VTOL Module Improved VTOL Module Improved VTOL Module Improved VTOL Module Cooled VTOL Module > --- UTILITY ---------- Small Storage Unit Machine Analyzer Advanced Visual Processing Unit Improved Propulsion Shielding Hacking Suite Hacking Suite Hacking Suite > --- WEAPON ----------- High-powered Shotgun Powered Hammer > --- INVENTORY -------- Improved Sensor Array Advanced ECM Suite Improved Utility Shielding Improved Light Armor Plating Improved Light Armor Plating Mini Grenade Launcher Deploy-a-Sentry Deploy-a-Sentry [Rating: 53] Favorites ----------- Power Light Ion Engine Engine Light Ion Engine Power Core Light Nuclear Core Propulsion Light Treads Treads Light Treads Leg Aluminum Leg Flight Unit Improved VTOL Module Utility Large Storage Unit Device Heat Sink Storage Large Storage Unit Processor Machine Analyzer Hackware Hacking Suite Protection Light Armor Plating Weapon High-powered Shotgun Energy Gun Medium Laser Energy Cannon Beam Cannon Ballistic Gun High-powered Shotgun Ballistic Cannon Assault Cannon Launcher Advanced EMP Blaster Impact Weapon Powered Hammer Build | -11 -10 -10 -10 -9 -8 -7 -6 -6 -6 -5 ------- Run | Jun Mat Min Exi Min Mat Fac Fac Was Fac Fac Slots Evolved 10 | . . . . . 4 2 2 . . 2 Power 1 | . . . . . . . . . . 1 Propulsion 4 | . . . . . 2 1 . . . 1 Utility 5 | . . . . . 2 1 2 . . . Weapon . | . . . . . . . . . . . Parts Attached 101 | 6 11 7 1 3 53 11 3 . 4 2 Power 10 | 1 . 2 . . 6 . . . 1 . Engine 5 | 1 . 1 . . 3 . . . . . Core 5 | . . 1 . . 3 . . . 1 . Reactor . | . . . . . . . . . . . Propulsion 23 | 2 . 1 1 1 11 5 . . 1 1 Treads 13 | 2 . 1 1 1 8 . . . . . Leg 2 | . . . . . 2 . . . . . Wheel . | . . . . . . . . . . . Hover . | . . . . . . . . . . . Flight 8 | . . . . . 1 5 . . 1 1 Utility 34 | 1 6 2 . . 15 4 3 . 2 1 Device 10 | . 4 . . . 6 . . . . . Storage 5 | 1 2 . . . 1 1 . . . . Processor 5 | . . . . . 2 2 1 . . . Hackware 3 | . . . . . 1 . 1 . 1 . Protection 11 | . . 2 . . 5 1 1 . 1 1 Artifact . | . . . . . . . . . . . Weapon 34 | 2 5 2 . 2 21 2 . . . . Energy Gun 2 | 2 . . . . . . . . . . Energy Cannon 10 | . 4 . . . 6 . . . . . Ballistic Gun 12 | . . 2 . 2 8 . . . . . Ballistic Cannon 2 | . . . . . 2 . . . . . Launcher 4 | . . . . . 4 . . . . . Special Weapon . | . . . . . . . . . . . Impact Weapon 4 | . 1 . . . 1 2 . . . . Slashing Weapon . | . . . . . . . . . . . Piercing Weapon . | . . . . . . . . . . . Special Melee Weapon . | . . . . . . . . . . . Unidentified Prototypes 5 | . . . . . 5 . . . . . Parts Lost 25 | . . 3 . . 13 . . . 1 8 Power 4 | . . 1 . . 2 . . . . 1 Propulsion 10 | . . 1 . . 4 . . . . 5 Utility 8 | . . . . . 6 . . . 1 1 Weapon 3 | . . 1 . . 1 . . . . 1 Highest Loss Streak 8 | . . 3 . . 6 . . . 1 8 To Critical Strikes . | . . . . . . . . . . . Average Slot Usage (%) 92 | . 99 99 100 99 85 98 100 100 99 83 Engine 8 | . 14 12 14 14 5 . . . . . Core 1 | . . 1 . . 2 7 6 6 5 4 Treads 20 | . 28 27 28 27 18 . . . . . Leg 3 | . . . . . 8 . . . . . Flight 3 | . . . . . . 36 33 33 33 27 Device 7 | . 13 5 . . 10 . . . . . Storage 10 | . 14 14 14 14 9 7 6 6 6 5 Processor 2 | . . . . . 2 14 16 13 13 11 Hackware 2 | . . . . . 2 7 9 13 17 11 Protection 7 | . . 8 14 14 8 6 13 13 8 10 Energy Cannon 6 | . 25 10 . . 2 . . . . . Ballistic Gun 12 | . . 17 28 28 11 11 6 6 6 4 Ballistic Cannon 1 | . . . . . 3 . . . . . Naked Turns . | . . . . . . . . . . . Heaviest Build 52 | 13 32 34 32 32 52 32 20 20 20 20 Greatest Support 62 | 40 40 40 40 40 62 62 25 25 25 27 Greatest Overweight (x) 10 | . . 1 . 1 10 . . . . . Average Overweight (x) . | . . . . . . . . . . . Largest Inventory Capacity 15 | 8 15 15 15 15 15 15 8 8 8 8 Average Capacity 13 | 7 10 15 15 15 15 8 8 8 8 8 Most Carried 15 | 3 15 15 15 15 15 15 8 8 8 7 Average Carried 12 | . 8 14 14 15 14 8 6 8 7 6 Final Capacity 15 | 8 15 15 15 15 15 8 8 8 8 8 Final Carried 15 | 1 15 15 15 15 15 8 8 8 6 6 Class Distribution -------------------- 67% | Mutant 21% | Scavenger-Mutant 6% | Hacker-Sprinter 4% | Sprinter Dominant Class ---------------- Mutant | -10/Materials Mutant | -10/Mines Mutant | -10/Exiles Mutant | -9/Mines Mutant | -8/Materials Sprinter | -7/Factory Sprinter | -6/Factory Hacker-Sprinter | -6/Waste Hacker-Sprinter | -6/Factory Hacker-Sprinter | -5/Factory Resources | -11 -10 -10 -10 -9 -8 -7 -6 -6 -6 -5 ----------- Run | Jun Mat Min Exi Min Mat Fac Fac Was Fac Fac Matter Collected 2123 | 220 156 118 . 94 1487 . 8 . . 40 Remotely . | . . . . . . . . . . . Salvage Created 3008 | 13 595 273 . 32 1952 . 103 . . 40 Parts 155 | 1 39 21 . 5 86 . 3 . . . Haulers Intercepted 6 | . 1 . . . 4 . 1 . . . Recyclers Shooed 1 | . . . . . 1 . . . . . Parts Field Recycled . | . . . . . . . . . . . Retrieved Matter . | . . . . . . . . . . . Parts Self-Destructed . | . . . . . . . . . . . Prevented . | . . . . . . . . . . . Kills | -11 -10 -10 -10 -9 -8 -7 -6 -6 -6 -5 ------- Run | Jun Mat Min Exi Min Mat Fac Fac Was Fac Fac Combat Hostiles Destroyed 61 | . 14 8 . 1 38 . . . . . Guns 24 | . 2 2 . 1 19 . . . . . Cannons 28 | . 12 5 . . 11 . . . . . AOE 8 | . . . . . 8 . . . . . Classes Destroyed 10 | 1 4 2 . . 3 . . . . . Worker 9 | 1 1 1 . 1 5 . . . . . Builder 3 | . . 2 . . 1 . . . . . Hauler 6 | . 1 . . . 4 . 1 . . . Recycler 2 | . . . . . 2 . . . . . Operator 5 | . . . . . 2 . 1 . . 2 Watcher 5 | . 2 . . . 3 . . . . . Swarmer 18 | . 3 6 . 1 8 . . . . . Grunt 32 | . 11 . . . 21 . . . . . Sentry 10 | . . 2 . . 8 . . . . . Hunter 1 | . . . . . 1 . . . . . Best Kill Streak 5 | 1 3 3 . 1 5 . 1 . . 1 Combat Bots Only 5 | . 3 3 . 1 5 . . . . . Max Kills in Single Turn 2 | 1 1 2 . 1 2 . 1 . . 1 Gunslinging . | . . . . . . . . . . . Exploded 2 | . . . . . 2 . . . . . Melee . | . . . . . . . . . . . Uniques/NPCs Destroyed . | . . . . . . . . . . . Combat | -11 -10 -10 -10 -9 -8 -7 -6 -6 -6 -5 -------- Run | Jun Mat Min Exi Min Mat Fac Fac Was Fac Fac Damage Taken 5354 | . 470 570 . 33 2816 135 . . 235 1095 Core 1210 | . 128 107 . 9 430 . . . 58 478 Absorbed by Shields . | . . . . . . . . . . . Redirected to Shielding 253 | . . . . . 57 40 . . 22 134 Ignored by Resistances 59 | . . . . . 59 . . . . . Regen/Repaired (Parts) 129 | . 97 . . . . . . . 32 . Core Remaining (%) 63 | 100 . . . 2 21 100 . . 93 . Volleys Fired 223 | 1 39 24 3 3 148 . . . . 5 Largest 2 | 2 2 2 2 2 2 . . . . 1 Hottest 160 | 90 120 120 46 46 160 . . . . 25 Shots Fired 443 | 2 78 48 6 8 295 . . . 1 5 Gun 219 | 2 7 10 6 8 180 . . . 1 5 Cannon 215 | . 71 38 . . 106 . . . . . Launcher 9 | . . . . . 9 . . . . . Special . | . . . . . . . . . . . Kinetic 254 | . . 10 6 8 224 . . . 1 5 Thermal 180 | 2 78 38 . . 62 . . . . . Explosive 6 | . . . . . 6 . . . . . Electromagnetic 3 | . . . . . 3 . . . . . Robot Hit Streak 15 | 1 11 9 3 8 15 . . . . 2 Robot Miss Streak 6 | . 5 5 2 . 6 . . . . 3 Penetration Max . | . . . . . . . . . . . Secondary Targets 2 | . . . . . 2 . . . . . Max Gunslinging Chain 1 | . . . . . 1 . . . . . Shots Hit Robots 279 | 1 44 28 4 6 188 . 3 . . 5 Core Hits 136 | 1 22 12 2 2 95 . 1 . . 1 Critical Kills 1 | . . 1 . . . . . . . . Critical Parts Destroyed 3 | . . . . . 2 . . . . 1 Critical Strikes 6 | 1 . 1 . . 3 . . . . 1 Burn 1 | 1 . . . . . . . . . . Meltdown 1 | . . 1 . . . . . . . . Destroy 2 | . . . . . 2 . . . . . Blast 1 | . . . . . 1 . . . . . Smash 1 | . . . . . . . . . . 1 Melee Attacks 21 | . 3 . . . 1 4 4 . 3 6 Impact 21 | . 3 . . . 1 4 4 . 3 6 Slashing . | . . . . . . . . . . . Piercing . | . . . . . . . . . . . Sneak Attacks 2 | . . . . . . . 1 . . 1 Combat Hostiles . | . . . . . . . . . . . Follow-up Attacks . | . . . . . . . . . . . Damage Inflicted 6344 | 12 794 499 46 85 4472 . 246 . . 190 Guns 2508 | 12 61 128 46 85 2131 . . . . 45 Cannons 2702 | . 733 371 . . 1598 . . . . . Explosions 734 | . . . . . 734 . . . . . Melee 391 | . . . . . . . 246 . . 145 Ramming 9 | . . . . . 9 . . . . . Kinetic 3102 | . . 128 46 85 2798 . . . . 45 Thermal 2144 | 12 794 371 . . 967 . . . . . Explosive 436 | . . . . . 436 . . . . . Electromagnetic 262 | . . . . . 262 . . . . . Impact 391 | . . . . . . . 246 . . 145 Slashing . | . . . . . . . . . . . Piercing . | . . . . . . . . . . . Highest Corruption 11 | . 1 1 1 1 5 . . . 11 1 Average Corruption 2 | . 1 1 1 1 5 . . . 9 1 Corruption Purged . | . . . . . . . . . . . Corruption Blocked . | . . . . . . . . . . . Effects 86 | . 12 8 4 10 37 . . . 15 . Message Errors 20 | . 3 4 . 2 9 . . . 2 . Matter Fused 18 | . 2 1 2 1 8 . . . 4 . Heat Flow Errors 20 | . 2 3 . 2 9 . . . 4 . Energy Discharges 6 | . 1 . . 2 1 . . . 2 . Parts Fused 1 | . . . . . 1 . . . . . Data Loss (minor) 7 | . . . 2 1 3 . . . 1 . Data Loss (major) 9 | . 4 . . . 4 . . . 1 . Misfires 5 | . . . . 2 2 . . . 1 . Overload Shots . | . . . . . . . . . . . Overflow Damage 262 | . . . . . 89 . 38 . . 135 Projectiles 27 | . . . . . 27 . . . . . Explosions 62 | . . . . . 62 . . . . . Melee 173 | . . . . . . . 38 . . 135 Knockbacks 9 | . . . . . 8 . . . . 1 Impact 1 | . . . . . . . . . . 1 Kinetic 8 | . . . . . 8 . . . . . Secondary . | . . . . . . . . . . . Self-Inflicted Damage 91 | . 86 . . . 5 . . . . . Shots 2 | . 1 . . . 1 . . . . . Rammed 1 | . . . . . 1 . . . . . Targets Rammed 2 | . . . . . 2 . . . . . Kicked 1 | . . . . . 1 . . . . . Crushed . | . . . . . . . . . . . Highest Temperature 359 | 30 282 359 12 199 255 28 5 . 277 19 Average Temperature 79 | 18 83 105 9 63 80 2 5 . 147 12 Received Heat Transfer 2034 | . 198 144 . . 1476 27 . . 69 120 Effects 4 | . . 1 . . . . . . 3 . Energy Bleed 1 | . . . . . . . . . 1 . Interference 2 | . . . . . . . . . 2 . Damage (minor) 1 | . . 1 . . . . . . . . Siege Activations . | . . . . . . . . . . . Robots Corrupted . | . . . . . . . . . . . Combat Hostiles . | . . . . . . . . . . . Parts Fried 8 | . . . . . 1 . 2 . . 5 Impact Corruptions 7 | . . . . . . . 1 . . 6 Robots Melted 1 | . . 1 . . . . . . . . Combat Hostiles 1 | . . 1 . . . . . . . . Parts Melted 4 | 1 . 3 . . . . . . . . Heat Transferred 4476 | 111 1690 777 . . 1898 . . . . . Parts Sabotaged . | . . . . . . . . . . . Parts Stolen . | . . . . . . . . . . . Parts Stripped . | . . . . . . . . . . . Power Chain Reactions 4 | . . . . . 4 . . . . . Missiles Intercepted . | . . . . . . . . . . . Alert | -11 -10 -10 -10 -9 -8 -7 -6 -6 -6 -5 ------- Run | Jun Mat Min Exi Min Mat Fac Fac Was Fac Fac Peak Influence 570 | 5 288 212 . 73 565 532 329 145 570 368 Initial 279 | . 3 27 . . 27 247 260 115 101 279 Average 176 | . 87 58 . 24 235 377 286 123 347 328 Maximum Alert Level 2 | . 1 1 . . 2 2 1 . 2 1 Low Security (%) 62 | 100 89 99 . 100 48 . . 100 20 . Level 1 27 | . 10 . . . 38 49 100 . 28 100 Level 2 9 | . . . . . 12 50 . . 51 . Level 3 . | . . . . . . . . . . . Level 4 . | . . . . . . . . . . . Level 5 . | . . . . . . . . . . . High Security . | . . . . . . . . . . . Max Security . | . . . . . . . . . . . Squads Dispatched 25 | . 3 . . . 7 4 3 . 5 3 Investigation 18 | . 3 . . . 2 4 2 . 5 2 Extermination . | . . . . . . . . . . . Reinforcement 4 | . . . . . 2 . 1 . . 1 Assault . | . . . . . . . . . . . Garrison 3 | . . . . . 3 . . . . . Intercept . | . . . . . . . . . . . Searches Triggered . | . . . . . . . . . . . Construction Impeded . | . . . . . . . . . . . Haulers Reinforced . | . . . . . . . . . . . Active Scanning Responses . | . . . . . . . . . . . Cargo Convoy Interrupts . | . . . . . . . . . . . Stealth | -11 -10 -10 -10 -9 -8 -7 -6 -6 -6 -5 --------- Run | Jun Mat Min Exi Min Mat Fac Fac Was Fac Fac Distress Signals 5 | . . . . . 4 1 . . . . Communications Jammed . | . . . . . . . . . . . Distress Signals . | . . . . . . . . . . . Times Spotted 172 | . 18 12 . 6 63 17 4 2 29 21 Peak Tracking Total 16 | . 3 3 . 3 6 7 3 2 13 16 Tactical Retreats 16 | . . 1 . . 4 3 . . 7 1 Traps | -11 -10 -10 -10 -9 -8 -7 -6 -6 -6 -5 ------- Run | Jun Mat Min Exi Min Mat Fac Fac Was Fac Fac Traps Triggered 8 | . 3 . . . 1 1 1 . 2 . Indirectly . | . . . . . . . . . . . Trap Hack Attempts . | . . . . . . . . . . . Triggered . | . . . . . . . . . . . Disarmed . | . . . . . . . . . . . Reprogrammed . | . . . . . . . . . . . Reused . | . . . . . . . . . . . Traps Extracted . | . . . . . . . . . . . Installed . | . . . . . . . . . . . Triggered . | . . . . . . . . . . . Machines | -11 -10 -10 -10 -9 -8 -7 -6 -6 -6 -5 ---------- Run | Jun Mat Min Exi Min Mat Fac Fac Was Fac Fac Machines Disabled 8 | . 5 1 . 1 1 . . . . . Max in Single Turn 3 | . 3 1 . . 1 . . . . . Garrison Access 3 | . . . . . 1 1 1 . . . Machines Repaired . | . . . . . . . . . . . Machines Sabotaged . | . . . . . . . . . . . Overloaded Fab Kills . | . . . . . . . . . . . Hacking | -11 -10 -10 -10 -9 -8 -7 -6 -6 -6 -5 --------- Run | Jun Mat Min Exi Min Mat Fac Fac Was Fac Fac Machines Accessed 44 | . 7 . 1 . 9 8 6 . 9 4 Terminals 30 | . 6 . . . 7 5 3 . 5 4 Fabricators 6 | . . . . . . 2 1 . 3 . Repair Stations 2 | . 1 . . . . . . . 1 . Recycling Units . | . . . . . . . . . . . Scanalyzers 2 | . . . . . 1 . 1 . . . Garrison Access 3 | . . . . . 1 1 1 . . . Total Hacks 108 | . 23 . 1 . 27 15 14 . 20 8 Successful 49 | . 10 . 1 . 13 5 5 . 12 3 Failed 59 | . 13 . . . 14 10 9 . 8 5 Catastrophic 14 | . 2 . . . . 4 2 . 3 3 Database Lockouts . | . . . . . . . . . . . Manual 44 | . 8 . 1 . 21 2 4 . 5 3 Terminals 77 | . 20 . . . 22 11 7 . 9 8 Fabricators 15 | . . . . . . 3 3 . 9 . Repair Stations 5 | . 3 . . . . . . . 2 . Recycling Units . | . . . . . . . . . . . Scanalyzers 4 | . . . . . 3 . 1 . . . Garrison Access 6 | . . . . . 2 1 3 . . . Terminal Hacks 25 | . 8 . 1 . 8 2 1 . 3 2 Part Schematic 1 | . . . . . . . . . 1 . Robot Analysis 4 | . 2 . . . 2 . . . . . Open Door 1 | . . . . . . . . . 1 . Terminal Index 4 | . 1 . . . 1 1 . . . 1 Alert Level 4 | . 1 . . . 3 . . . . . Unreport Threat 2 | . 1 . . . 1 . . . . . Recall Investigation 3 | . . . . . . 1 1 . 1 . Recall Assault 1 | . . . . . . . . . . 1 Hauler Manifests 2 | . 1 . . . 1 . . . . . Zone Layout 2 | . 2 . . . . . . . . . Derelict Proto ID Bank 1 | . . . 1 . . . . . . . Fabricator Hacks 10 | . . . . . . 2 2 . 6 . Load Schematic 5 | . . . . . . 1 1 . 3 . Build 5 | . . . . . . 1 1 . 3 . Repair Station Hacks 4 | . 2 . . . . . . . 2 . Scan Component 2 | . 1 . . . . . . . 1 . Repair 2 | . 1 . . . . . . . 1 . Recycling Unit Hacks . | . . . . . . . . . . . Scanalyzer 2 | . . . . . 2 . . . . . Insert Component 1 | . . . . . 1 . . . . . Analyze 1 | . . . . . 1 . . . . . Garrison Access Hacks 3 | . . . . . 1 1 1 . . . Seal Access 3 | . . . . . 1 1 1 . . . Unauthorized Hacks 5 | . . . . . 2 . 1 . 1 1 Terminals 5 | . . . . . 2 . 1 . 1 1 Assimilate 4 | . . . . . 1 . 1 . 1 1 Operators 1 | . . . . . 1 . . . . . Fabricators . | . . . . . . . . . . . Repair Stations . | . . . . . . . . . . . Recycling Units . | . . . . . . . . . . . Scanalyzers . | . . . . . . . . . . . Garrison Access . | . . . . . . . . . . . Data Cores Recovered . | . . . . . . . . . . . Used . | . . . . . . . . . . . Hacking Detections 35 | . 6 . . . 5 7 6 . 8 3 Full Trace Events 17 | . 2 . . . 3 4 2 . 4 2 Feedback Events . | . . . . . . . . . . . Feedback Blocked . | . . . . . . . . . . . Robot Schematics Acquired . | . . . . . . . . . . . Robots Built . | . . . . . . . . . . . Authchips . | . . . . . . . . . . . Time . | . . . . . . . . . . . Total Robot Build Rating . | . . . . . . . . . . . Part Schematics Acquired 2 | . . . . . 1 . . . 1 . Parts Built 4 | . . . . . . 1 1 . 2 . Authchips . | . . . . . . . . . . . Time 377 | . . . . . . 73 36 . 268 . Total Part Build Rating 14 | . . . . . . 3 3 . 8 . Parts Repaired 2 | . 1 . . . . . . . 1 . Time 51 | . 13 . . . . . . . 38 . Parts Recycled . | . . . . . . . . . . . Recycled Matter . | . . . . . . . . . . . Retrieved Matter . | . . . . . . . . . . . Retrieved Components . | . . . . . . . . . . . Parts Scanalyzed 1 | . . . . . 1 . . . . . Part Schematics Acquired 1 | . . . . . 1 . . . . . Parts Damaged . | . . . . . . . . . . . Bothacking | -11 -10 -10 -10 -9 -8 -7 -6 -6 -6 -5 ------------ Run | Jun Mat Min Exi Min Mat Fac Fac Was Fac Fac Used RIF Installer . | . . . . . . . . . . . Robots Hacked . | . . . . . . . . . . . Non-combat . | . . . . . . . . . . . Combat . | . . . . . . . . . . . Robot Hacks Applied . | . . . . . . . . . . . Relay Couplers Released . | . . . . . . . . . . . Fabnet Peak Effective % . | . . . . . . . . . . . Robots Rewired . | . . . . . . . . . . . Allies Hacked . | . . . . . . . . . . . Hacks Repelled . | . . . . . . . . . . . Allies | -11 -10 -10 -10 -9 -8 -7 -6 -6 -6 -5 -------- Run | Jun Mat Min Exi Min Mat Fac Fac Was Fac Fac Total Allies 8 | . . 4 . . 1 . 1 . 1 1 Largest Group 4 | . . 4 3 3 1 . 1 . 1 1 Highest-Rated Group 71 | . . 71 40 40 10 . 26 . 26 26 Highest-Rated Ally 31 | . . 31 16 16 10 . 26 . 26 26 Total Orders . | . . . . . . . . . . . Ally Attacks 27 | . . 11 . 16 . . . . . . Total Damage 385 | . . 213 . 172 . . . . . . Kills 7 | . . 2 . 5 . . . . . . Allies Corrupted 1 | . . . . . . . . . . 1 Allies Melted . | . . . . . . . . . . . Turrets Deployed 1 | . . . 1 . . . . . . . Intel | -11 -10 -10 -10 -9 -8 -7 -6 -6 -6 -5 ------- Run | Jun Mat Min Exi Min Mat Fac Fac Was Fac Fac Robot Analysis Total 4 | . 2 . . . 2 . . . . . Derelict Logs Recovered 3 | . . 1 . 2 . . . . . . Drone Launches . | . . . . . . . . . . . Drone Recoveries . | . . . . . . . . . . . Exploration | -11 -10 -10 -10 -9 -8 -7 -6 -6 -6 -5 ------------- Run | Jun Mat Min Exi Min Mat Fac Fac Was Fac Fac Turns Passed 8417 | 119 1392 1079 489 666 3707 293 159 15 335 163 Spaces Moved 6794 | 69 761 602 296 403 1562 1062 521 63 1087 368 Core 11 | 6 . . . . 5 . . . . . Treads 3437 | 63 761 602 296 403 1305 7 . . . . Legs 252 | . . . . . 252 . . . . . Wheels . | . . . . . . . . . . . Hover . | . . . . . . . . . . . Flight 3094 | . . . . . . 1055 521 63 1087 368 Fastest Speed 20 | 50 160 160 160 160 152 23 23 23 23 20 Average Speed 103 | 150 160 160 160 160 184 23 23 23 23 24 Slowest Speed 550 | 160 160 240 160 240 550 155 23 23 23 45 Overloaded Moves 10 | . . . . . . . . . . 10 Propulsion Burnouts . | . . . . . . . . . . . Robots Hopped 34 | . . . 1 . . 10 1 . 16 6 Cave-ins Triggered . | . . . . . . . . . . . Exploration Rate (%) 51 | 5 87 92 61 84 89 25 11 77 21 15 Regions Visited 10 Branch Regions 3 Pre-discovered Areas . | . . . . . . . . . . . Known Exits Taken 2 | . . . . . 1 1 . . . . Unknown Exits Taken 6 | 1 1 1 1 1 . . . . 1 . Scrap Searched 2 | . . 1 . 1 . . . . . . Spaces Dug 17 | . 2 . . . 5 3 . . 3 4 Terrain Destroyed 153 | . 55 . . . 88 3 . . 3 4 Melee 13 | . 2 . . . 1 3 . . 3 4 Projectile 31 | . . . . . 31 . . . . . AOE 109 | . 53 . . . 56 . . . . . Terrain Rammed . | . . . . . . . . . . . Walls Destroyed . | . . . . . . . . . . . Machines Disabled . | . . . . . . . . . . . Actions | -11 -10 -10 -10 -9 -8 -7 -6 -6 -6 -5 --------- Run | Jun Mat Min Exi Min Mat Fac Fac Was Fac Fac Total 7703 | 82 851 669 307 419 2106 1088 551 62 1149 419 Wait 459 | . 13 30 1 6 272 4 21 . 70 42 Move 6719 | 68 760 601 293 402 1561 1041 519 62 1055 357 Hop 32 | . . . 1 . . 10 1 . 15 5 Pick Up 77 | 7 19 5 4 1 31 6 3 . . 1 Fast Attach 29 | . 1 . . 3 22 1 . . 2 . Attach 41 | 6 1 3 . . 17 9 2 . 1 2 Detach 2 | . . . . . 1 . . . . 1 Swap 31 | . 9 4 1 . 14 1 1 . 1 . Drop 67 | . 6 2 4 4 37 12 . . 2 . Fire 223 | 1 39 24 3 3 148 . . . . 5 Melee 21 | . 3 . . . 1 4 4 . 3 6 Ram . | . . . . . . . . . . . Kick 1 | . . . . . 1 . . . . . Crush 1 | . . . . . 1 . . . . . Escape Stasis . | . . . . . . . . . . . Rewire . | . . . . . . . . . . . Trap . | . . . . . . . . . . . Miscellaneous . | . . . . . . . . . . . Route ------- -11/Junkyard -10/Materials (discovered 4 exits: [*Mat x3] / [*Min]) -10/Mines (discovered 3 exits: [*Mat x2] / *Exi) -10/Exiles -9/Mines -8/Materials (discovered 2 exits: *Fac x2) -7/Factory (discovered 3 exits: *Fac x2 / *Low) -6/Factory -6/Waste -6/Factory (discovered 2 exits: *Fac / [*Ext]) -5/Factory History --------- Turn | Location | Event 3 | -11/Junkyard | Discovered new exit (range 16) 120 | -11/Junkyard | Entered Materials 301 | -10/Materials | Build established: Mutant 379 | -10/Materials | Discovered new exit (range 5) 560 | -10/Materials | Discovered new exit (range 8) 577 | -10/Materials | Discovered new exit (range 16) 704 | -10/Materials | Repaired Beam Cannon 901 | -10/Materials | Discovered new exit (range 11) 1381 | -10/Materials | Core integrity fell below 50% 1512 | -10/Materials | Entered Mines 1516 | -10/Mines | Discovered new exit (range 15) 1738 | -10/Mines | Discovered new exit (range 7) 1912 | -10/Mines | Core integrity fell below 20% 1960 | -10/Mines | Lost 3 parts (1p1n1w) 2257 | -10/Mines | Assisted by bots powering up and referring to "LRC-V3" 2286 | -10/Mines | Received a Mining Laser from a helpful Derelict 2407 | -10/Mines | Deemed a non-threat by the Exiles lab entrance 2585 | -10/Mines | Discovered new exit (range 5) 2591 | -10/Mines | Entered Exiles 2591 | -10/Exiles | Accompanied by 4 allies 2636 | -10/Exiles | Met 8R-AWN 2658 | -10/Exiles | Met EX-HEX 2711 | -10/Exiles | Met EX-BIN 2741 | -10/Exiles | Aligned with FarCom system 2743 | -10/Exiles | Given EX-Vault access code 2784 | -10/Exiles | Opened EX-Vault 2798 | -10/Exiles | Found Chronowheel 2806 | -10/Exiles | DAS Turret deployed 2809 | -10/Exiles | Found Deploy-a-Sentry 2813 | -10/Exiles | Found Deploy-a-Sentry 2832 | -10/Exiles | Found Trap Reconfigurator 2865 | -10/Exiles | Warned to stay clear of 0b10 Research branches 2912 | -10/Exiles | Met EX-DEC 3053 | -10/Exiles | Discovered new exit (range 14) 3080 | -10/Exiles | Stole three prototypes: Trap Reconfigurator, Chronowheel, Deploy-a-Sentry 3080 | -10/Exiles | Entered Mines 3080 | -9/Mines | Accompanied by 3 allies 3172 | -9/Mines | Learned Materials security intel 3677 | -9/Mines | Found a hidden stash of uninstalled traps 3723 | -9/Mines | Discovered new exit (range 8) 3746 | -9/Mines | Entered Materials 3746 | -8/Materials | Evolved 4 slots: Propulsion x2, Utility x2 3747 | -8/Materials | Identified exit to Factory 4194 | -8/Materials | Garrison activated, responded to threat 4641 | -8/Materials | Core integrity fell below 50% 4671 | -8/Materials | Lost 6 parts (2p2n1u1w) 6354 | -8/Materials | Build established: Scavenger-Mutant 6637 | -8/Materials | Discovered exit to Factory (range 16) 7453 | -8/Materials | Entered Factory 7453 | -7/Factory | Evolved 2 slots: Propulsion x1, Utility x1 7455 | -7/Factory | FarCom data flow suspended 7527 | -7/Factory | Discovered new exit (range 10) 7530 | -7/Factory | Identified exit to Factory 7588 | -7/Factory | Fabricated Hacking Suite? 7733 | -7/Factory | Discovered exit to Factory (range 11) 7739 | -7/Factory | Discovered new exit (range 11) 7741 | -7/Factory | Identified exit to Lower Caves 7746 | -7/Factory | Entered another Factory area 7746 | -6/Factory | Evolved 2 slots: Utility x2 7768 | -6/Factory | Build established: Sprinter 7817 | -6/Factory | Fabricated Hacking Suite (x1) 7905 | -6/Factory | Manually triggered Chute Trap 7905 | -6/Factory | Sucked down chute 7905 | -6/Factory | Entered Waste 7910 | -6/Waste | Spotted C-40 Crusher 7913 | -6/Waste | Spotted C-40 Crusher 7916 | -6/Waste | Spotted C-40 Crusher 7917 | -6/Waste | Discovered new exit (range 13) 7918 | -6/Waste | Spotted C-40 Crusher 7920 | -6/Waste | EMP discharged 7920 | -6/Waste | Entered Factory 7926 | -6/Factory | Discovered new exit (range 19) 8112 | -6/Factory | Discovered new exit (range 6) 8129 | -6/Factory | Build established: Hacker-Sprinter 8167 | -6/Factory | Repaired Lgt. Nuclear Core 8176 | -6/Factory | Fabricated Cld. VTOL Module? 8176 | -6/Factory | System corruption reached 10% 8232 | -6/Factory | Fabricated Cld. VTOL Module? 8255 | -6/Factory | Entered another Factory area 8255 | -5/Factory | Evolved 2 slots: Power x1, Propulsion x1 8389 | -5/Factory | Spotted B-75 Beast 8418 | -5/Factory | Self-destructed Last Messages --------------- 08403_ K-01 Serf collects debris. 08403_ U-05 Engineer lays Concrete. 08403_ Imp. VTOL Module destroyed. 08404_ K-01 Serf collects debris. 08404_ K-01 Serf cleans the Pressure Siphon. 08405_ The unstable cave ceiling collapses. 08405_ K-01 Serf collects debris. 08407_ Cld. VTOL Module destroyed. 08407_ Pressure Siphon disabled. 08407_ K-01 Serf collects debris. 08407_ >> Machine Analyzer network decryption results: 08407_ Fabricator x1 08410_ Imp. VTOL Module severed. 08411_ K-01 Serf collects debris. 08414_ U-05 Engineer lays Concrete. 08416_ Imp. VTOL Module destroyed. 08418_ >> Machine Analyzer network decryption results: 08418_ Garrison Access x2 08418_ Penetrated by Slug. 08418_ Field Propulsion Drive destroyed. Map ----- +----------------------------------------------------+ | ?????????????????????????????????????????# " | | ?????????????????????????????????????????# " | | ?????????????????????????????????????????# | | ????????????????????????????????????????## | | ??????????????????????????????????????#?# | | ??????????????????????????????????????# ## | | ??????????????????????????????????????# ?# | | ??????????????????????????????????????# ##"" | | ??????????????????????????????????????# | | ??????????????????????????????????????# | | ??????????????????????????????????????### | | ?????????? ?????????????????????????????# | | ?????????? ###+##????????????????????# | | ?????????? ############+####### | | ????????? | | ????????? | | ????????? % | | ????????? ##### """ ""% %"" """ """ "% | | ?????????????#####+###???# """ """ """ """ """ "" | | ????????????? ""G""?# """ """ """ """ """ "" | | ????????????? """ "" ""?# """ """ """ """ """ "" | | ????????????? """ ?# = | | ????????????# """ ?#!! p """ """ """ """ "" | | ????????????? k #c! """ """ """ """^"" | | ??????????????""" """ # """ """ """ """ "" | | ??????????????""" """ @ """ """ """ """ "" | | ??????????????""" """ # ? | | ????????????? # ? | | ????????????# /?# ] ?? | | ????????????# [ /?####+######## ###?? | | ???????????#Y ??????????????# #???? | | ???????????############??????????????# ???? | | ?????????????????????????????????????# ??? | | ?????????????????????????????????????# """ ???? | | ?????????????????????????????????????# """ ?????? | | ?????????????????????????????????????# """??????? | | ?????????????????????????????????????? ?????????? | | ?????????????????????????????????????? ?????????? | | ?????????????????????????????????????? ?????????? | | ?????????????????????????????????????? """??????? | | ????????????????????????????????????????"F"??????? | | ????????????????????????????????????????"????????? | | ????????????????????????????????????????"""??????? | | ????????????????????????????????????????"""??????? | | ?????????????????????????????????????????????????? | | ?????????????????????????????????????????????????? | | ?????????????????????????????????????????????????? | | ?????????????????????????????????????????????????? | | ?????????????????????????????????????????????????? | | ?????????????????????????????????????????????????? | +----------------------------------------------------+ Best States ------------- Heat Dissipation 74 Energy Generation 14 Energy Capacity 280 Matter Stores 300 Matter Capacity 300 Sight Range 20 Terrain Scan Range 14 Terrain Scan Density 10 Armor Coverage 300 Resistance: KI 20 Propulsion Shielding 66 Utility Shielding 66 Weapon Shielding 66 Evasion (%) 65 Targeting Accuracy 8 Recoil Reduction 3 Salvage Targeting 2 Offensive Hacking 30 Item Schematics ----------------- Hacking Suite | -8/Materials | Scanalyzed Cld. VTOL Module | -6/Factory | Hacked Robot Schematics ------------------ None Fabricated ------------ Hacking Suite | x1 | -7/Factory Hacking Suite | x1 | -6/Factory Cld. VTOL Module | x1 | -6/Factory Cld. VTOL Module | x1 | -6/Factory Alien Tech Used ----------------- None Achievements -------------- None Challenges ------------ None Game ------ Seed MatterLinkedSlayer Manual? 0 Play Time 01:04:47 Cumulative 76.0 hours Start 2023.09.15 @ 19:27:46 End 2023.09.16 @ 11:26:37 Sessions 3 Manual Loads 0 Difficulty Rogue Special Mode None Game No. 69 Rogue 33 Adventurer 36 Explorer 0 Win Type - Total 7 Types 2/0/5/0/0/0/0/0/0 Lore% 45 Gallery% 67 Achievement% 56 Wizard Run 0 Options --------- ASCII 0 Keyboard 0 Movement Mouse Keybinds 0 Fullscreen 1 Font 18/SmallcapsGlow Map View 76x50 Tactical HUD 1 Map Filters NONE Filters NONE Steam 1 RUN: 6ce86907-b358-4243-a17b-5d77010b854e